[Event "Titled Tuesday Blitz December 14 2021"]
[White "Turner, Max N"]
[Black "Starozhilov, Leonid"]
[WhiteFideId "447722"]
[BlackFideId "14106752"]
[WhiteElo "2078"]
[BlackElo "2414"]
[Result "1/2-1/2"]
[Round "01"]
[TimeControl "180+1"]
[Date "2021.12.15"]
[WhiteClock "0:00:04"]
[BlackClock "0:00:05"]

1. d4 Nf6 2. c4 g6 3. g3 Bg7 4. Bg2 O-O 5. Nc3 d6 6. Nf3 c6 7. O-O Bf5 8. Ne1 Qc8 9. e4 Bh3 10. f3 Na6 11. Be3 Bxg2 12. Kxg2 Nd7 13. Nd3 Nc7 14. b3 c5 15. Ne2 Ne6 16. Ndf4 Nxd4 17. Nxd4 cxd4 18. Bxd4 Bxd4 19. Qxd4 e5 20. Qxd6 exf4 21. Rad1 Nc5 22. Qxf4 Ne6 23. Qf6 Rd8 24. h4 Qc5 25. Rd5 Qf8 26. Rfd1 h5 27. f4 Rxd5 28. cxd5 Nc5 29. Qd4 a5 30. e5 b6 31. Re1 Rd8 32. d6 Qe8 33. Rc1 Qc6+ 34. Kh2 Qf3 35. Rc2 Ne4 36. Rg2 Nc5 37. Qd2 Rc8 38. Qe2 Qd5 39. f5 Re8 40. e6 Qxf5 41. d7 Nxd7 42. exd7 Qxd7 43. Qf3 Qe6 44. Rf2 Re7 45. Qf4 Qe5 46. Qf3 Kg7 47. Rg2 Qe4 48. Qc3+ Qe5 49. Qd3 Re6 50. Rf2 Rd6 51. Qf3 Rf6 52. Qg2 Rxf2 53. Qxf2 Qf6 54. Qd2 Qe6 55. Qd4+ Kf8 56. Qd8+ Kg7 57. Qd4+ Kh7 58. Qd8 Qe2+ 59. Kh3 Qxa2 60. Qxb6 Qb1 61. Qb7 Qf1+ 62. Kh2 Qf2+ 63. Kh3 Qf5+ 64. Kh2 Kg7 65. Qb6 Kf8 66. Qd8+ Kg7 67. Qb6 Qd5 68. Qb8 Kf6 69. Qb6+ Ke5 70. Qc7+ Ke4 71. Qc2+ Ke3 72. Qc3+ Ke2 73. Qc2+ Qd2 74. Qe4+ Kf1+ 75. Kh3 Qe2 76. Qh1+ Kf2 77. Qg2+ Ke3 78. Qg1+ Ke4 79. Qh1+ Kd4 80. Qg1+ Kd3 81. Qc5 Qe6+ 82. Kh2 Qe2+ 83. Kh3 Qd2 84. Qb5+ Kc2 85. Qc4+ Kb2 86. Qxf7 Qc2 87. Qf6+ Ka2 88. Qa6 Qc3 89. Qxg6 Qxb3 90. Qxh5 a4 91. Qe2+ Kb1 92. Qe4+ Qc2 93. Qb4+ Kc1 94. h5 Qb3 95. Qf4+ Kc2 96. h6 a3 97. h7 Qe6+ 98. Qg4 Qh6+ 99. Qh4 Qe6+ 100. Qg4 Qh6+ 101. Qh4 Qe6+ 102. Kg2 Qe2+ 103. Kh3 Qe6+ 1/2-1/2


[Site "https://www.chess.com"]

[Event "Titled Tuesday Blitz December 14 2021"]
[White "Urquhart, Ed"]
[Black "Sychev, Klementy"]
[WhiteFideId "2603748"]
[BlackFideId "4114060"]
[WhiteElo "2184"]
[BlackElo "2615"]
[Result "0-1"]
[Round "01"]
[TimeControl "180+1"]
[Date "2021.12.15"]
[WhiteClock "0:00:05"]
[BlackClock "0:00:05"]

1. e4 c6 2. Bc4 d5 3. Bb3 dxe4 4. Qh5 e6 5. Nc3 Nf6 6. Qh4 Nbd7 7. Nxe4 Nxe4 8. Qxe4 Nc5 9. Qe2 Nxb3 10. axb3 Be7 11. Nf3 O-O 12. O-O c5 13. d3 b6 14. Re1 Bb7 15. Bf4 Re8 16. Ne5 Qd5 17. Qg4 h5 18. Qg3 Bf6 19. Nc4 Bc6 20. h4 Bxh4 21. Qh3 f6 22. Nd6 Bg5 23. Nxe8 Bxf4 24. Re4 Be5 25. Nxg7 Kxg7 26. Qxh5 f5 27. Qg5+ Kf7 28. Rh4 Rg8 29. Rh7+ Rg7 30. Rxg7+ Bxg7 31. Rxa7+ Bd7 32. Qd8 Qe5 33. Qxd7+ Kg6 34. Qe8+ Kh6 35. Ra1 Qe2 36. Qe7 Bd4 37. Qh4+ Kg6 38. Ra8 Qe1+ 39. Kh2 Be5+ 40. g3 Qxf2+ 41. Kh3 Qf1+ 42. Kh2 Qe2+ 43. Kg1 Bd4+ 44. Kh1 Qf3+ 45. Kh2 Qxa8 46. g4 Be5+ 47. Kg1 Bd4+ 48. Kh2 Qb8+ 49. Kg2 Qb7+ 50. Kh2 Qh7 51. gxf5+ exf5 0-1


[Site "https://www.chess.com"]

[Event "Titled Tuesday Blitz December 14 2021"]
[White "Vachier-Lagrave, Maxime"]
[Black "Mezentsev, Ivan"]
[WhiteFideId "623539"]
[BlackFideId "13706195"]
[WhiteElo "2787"]
[BlackElo "2295"]
[Result "1-0"]
[Round "01"]
[TimeControl "180+1"]
[Date "2021.12.14"]
[WhiteClock "0:00:27"]
[BlackClock "0:00:01"]

1. d4 Nf6 2. Nf3 g6 3. g3 Bg7 4. Bg2 O-O 5. O-O d5 6. c4 c6 7. b3 Ne4 8. Bb2 Nd7 9. Nc3 Ndf6 10. e3 Nxc3 11. Bxc3 Ne4 12. Be1 Be6 13. Rc1 f5 14. Qc2 a5 15. Ne5 a4 16. Nd3 axb3 17. axb3 dxc4 18. bxc4 Nd6 19. d5 cxd5 20. cxd5 Bd7 21. Bc3 Rc8 22. Qb3 Bxc3 23. Rxc3 Rxc3 24. Qxc3 Qb6 25. Nc5 Qb5 26. Rc1 Rc8 27. Bf1 Qb6 28. Qd4 Qd8 29. Rb1 Rc7 30. h4 Qc8 31. Nd3 Rc4 32. Qe5 Re4 33. Qb2 h5 34. Nf4 Kf7 35. Rc1 Qd8 36. Bd3 Ra4 37. Bc2 Ra6 38. Ne6 Bxe6 39. dxe6+ Kg8 40. Bd3 Rc6 41. Ra1 Qc8 42. Be2 Qxe6 43. Bf3 Ne4 44. Qxb7 Kf7 45. Qb2 Qc4 46. Qh8 Qc2 47. Bxe4 Qxe4 48. Rd1 Qf3 49. Qh7+ Kf6 50. Rf1 Rd6 51. Qg8 Rd5 52. Qf8+ 1-0


[Site "https://www.chess.com"]

[Event "Titled Tuesday Blitz December 14 2021"]
[White "Vidit, Santosh Gujrathi"]
[Black "Tsyhanchuk, Stanislav"]
[WhiteFideId "5029465"]
[BlackFideId "13505130"]
[WhiteElo "2628"]
[BlackElo "2078"]
[Result "1-0"]
[Round "01"]
[TimeControl "180+1"]
[Date "2021.12.14"]
[WhiteClock "0:00:14"]
[BlackClock "0:00:05"]

1. e4 c6 2. d4 d5 3. e5 c5 4. Nf3 Nc6 5. dxc5 Bg4 6. c3 e6 7. Be3 Bxf3 8. Qxf3 Nxe5 9. Bb5+ Nc6 10. O-O Nf6 11. Nd2 a6 12. Bxc6+ bxc6 13. b4 Be7 14. Nb3 O-O 15. Bd4 Ne4 16. Rfe1 Bf6 17. Qd3 Bxd4 18. cxd4 Qb8 19. f3 Nf6 20. Qc3 Nd7 21. a4 Qc7 22. Rab1 Rab8 23. Nc1 Rfe8 24. Nd3 f6 25. Rb2 Nf8 26. Re3 Re7 27. Qe1 Rbe8 28. Rbe2 Qb8 29. f4 g6 30. Qh4 Kg7 31. Qe1 Qa7 32. g4 a5 33. b5 cxb5 34. axb5 Qb7 35. b6 a4 36. g5 Ra8 37. gxf6+ Kxf6 38. Ra2 a3 39. Ne5 Ree8 40. Rexa3 Rxa3 41. Rxa3 Ra8 42. Qh4+ Kf5 43. Qg4+ Ke4 44. f5# 1-0


[Site "https://www.chess.com"]

[Event "Titled Tuesday Blitz December 14 2021"]
[White "Visakh N R"]
[Black "Hajiyeva, Laman"]
[WhiteFideId "25012223"]
[BlackFideId "13415875"]
[WhiteElo "2454"]
[BlackElo "1728"]
[Result "1-0"]
[Round "01"]
[TimeControl "180+1"]
[Date "2021.12.15"]
[WhiteClock "0:00:25"]
[BlackClock "0:00:04"]

1. e4 e6 2. d4 d5 3. Nc3 Nf6 4. e5 Nfd7 5. f4 c5 6. Nf3 Nc6 7. Be3 Qb6 8. Qd2 Qxb2 9. Rb1 Qa3 10. Be2 a6 11. O-O Qa5 12. f5 cxd4 13. Nxd4 Ndxe5 14. fxe6 Bxe6 15. Nb3 Qd8 16. Bc5 Bd6 17. Ne4 Bxc5+ 18. Nexc5 O-O 19. Nxb7 Qh4 20. N7c5 Bg4 21. Bxg4 Nxg4 22. Qf4 Qh5 23. h3 Nf6 24. Rbe1 Rfe8 25. Rxe8+ Rxe8 26. Nxa6 h6 27. Nc7 Re4 28. Qg3 Ne5 29. Rxf6 Qd1+ 30. Rf1 Qxc2 31. Nxd5 Re2 32. Kh2 Nd3 33. Nd4 Qxa2 34. Nf6+ 1-0


[Site "https://www.chess.com"]

[Event "Titled Tuesday Blitz December 14 2021"]
[White "Zhigalko, Sergei"]
[Black "Bayo Milagro, Alvaro"]
[WhiteFideId "13502956"]
[BlackFideId "22275240"]
[WhiteElo "2662"]
[BlackElo "2270"]
[Result "1-0"]
[Round "01"]
[TimeControl "180+1"]
[Date "2021.12.14"]
[WhiteClock "0:00:06"]
[BlackClock "0:00:16"]

1. e4 e5 2. Nf3 Nc6 3. Bc4 Nf6 4. d3 Bc5 5. O-O d6 6. Nbd2 O-O 7. c3 a5 8. h3 Be6 9. Bb5 Qb8 10. Nb3 Bb6 11. Bg5 Nd7 12. d4 a4 13. d5 axb3 14. axb3 Rxa1 15. Qxa1 Nc5 16. dxe6 Nxe6 17. Bc4 Nxg5 18. Nxg5 h6 19. Nf3 Na5 20. Nd2 Nxc4 21. Nxc4 Ba7 22. b4 b5 23. Na5 Bb6 24. Nc6 Qe8 25. Na5 f5 26. Qb1 f4 27. Qd3 Kh8 28. Kh2 Qd7 29. Nb3 Ra8 30. Nd2 Ra2 31. Qb1 Ra4 32. Nf3 Qc6 33. Nd2 Qb7 34. Qd3 Ba7 35. Nf3 Ra2 36. Qb1 Ra4 37. Nh4 Kh7 38. Qd3 Ra2 39. Qb1 Ra4 40. Nf5 Qc6 41. f3 Qc4 42. b3 Qxc3 43. bxa4 bxa4 44. Rc1 Qd2 45. Rxc7 Bf2 46. Rxg7+ 1-0


[Site "https://www.chess.com"]

[Event "Titled Tuesday Blitz December 14 2021"]
[White "Zierk, Steven"]
[Black "Kazancev, Valerij M"]
[WhiteFideId "2034255"]
[BlackFideId "4179609"]
[WhiteElo "2494"]
[BlackElo "2453"]
[Result "1-0"]
[Round "01"]
[TimeControl "180+1"]
[Date "2021.12.15"]
[WhiteClock "0:00:17"]
[BlackClock "0:00:16"]

1. e4 c5 2. Nf3 d6 3. d4 cxd4 4. Nxd4 Nf6 5. f3 a6 6. c4 e6 7. Nc3 Nbd7 8. Be3 Qc7 9. Qd2 b6 10. Be2 Bb7 11. O-O Be7 12. Rac1 Rc8 13. Rfd1 O-O 14. b4 Qb8 15. Na4 Bd8 16. Nb3 Bc7 17. Bf4 Ne5 18. Bxe5 dxe5 19. c5 b5 20. Nb2 Nh5 21. a4 bxa4 22. Nxa4 Nf4 23. Bf1 Rfd8 24. Qe1 Bc6 25. Rxd8+ Rxd8 26. Ra1 Bb5 27. Bxb5 Qxb5 28. Nb2 h5 29. g3 Ne2+ 30. Kh1 Nd4 31. Nxd4 Rxd4 32. Qf1 Rxb4 33. Qxb5 Rxb5 34. Nd3 a5 35. Ra3 Kf8 36. Kg2 Ke7 37. Kf2 Kd7 38. Ke2 Kc6 39. Ra1 f5 40. Kd2 g5 41. Re1 g4 42. fxg4 hxg4 43. Kc2 Rxc5+ 44. Nxc5 Kxc5 45. Kd3 Kd6 46. Rf1 fxe4+ 47. Kxe4 Bb6 48. Rf8 Bg1 49. Rg8 Bxh2 50. Rxg4 a4 51. Kf3 a3 52. Kg2 Kc5 53. Ra4 1-0


[Site "https://www.chess.com"]

[Event "Titled Tuesday Blitz December 14 2021"]
[White "Adewumi, Tanitoluwa"]
[Black "Makarian, Rudik"]
[WhiteFideId "30966396"]
[BlackFideId "44105681"]
[WhiteElo "2554"]
[BlackElo "2486"]
[Result "0-1"]
[Round "02"]
[TimeControl "180+1"]
[Date "2021.12.14"]
[WhiteClock "0:00:06"]
[BlackClock "0:00:28"]

1. Nf3 Nf6 2. d4 e6 3. c4 d5 4. Nc3 dxc4 5. e4 b5 6. e5 Nd5 7. Nxb5 Nb6 8. Be2 Nc6 9. O-O Be7 10. Qd2 O-O 11. Qf4 Bb7 12. Rd1 Nb4 13. Nc3 Kh8 14. Qg4 Qd7 15. Qh3 N4d5 16. Ng5 Bxg5 17. Bxg5 f5 18. exf6 gxf6 19. Bh6 Rg8 20. Bf3 Rg6 21. Ne4 Na4 22. b3 cxb3 23. axb3 Nac3 24. Nc5 Qb5 25. Re1 Rag8 26. Qxe6 Nf4 27. Bxf4 Rxg2+ 28. Kh1 Bxf3 29. Re3 Rg1# 0-1


[Site "https://www.chess.com"]

[Event "Titled Tuesday Blitz December 14 2021"]
[White "Alexakis, Dimitris"]
[Black "Tari, Aryan"]
[WhiteFideId "4277023"]
[BlackFideId "1510045"]
[WhiteElo "2421"]
[BlackElo "2656"]
[Result "0-1"]
[Round "02"]
[TimeControl "180+1"]
[Date "2021.12.14"]
[WhiteClock "0:00:14"]
[BlackClock "0:00:08"]

1. e4 c6 2. d4 d5 3. Nd2 dxe4 4. Nxe4 Nf6 5. Nxf6+ exf6 6. c3 Bd6 7. Bd3 O-O 8. Ne2 Re8 9. Qc2 h5 10. O-O h4 11. h3 Nd7 12. Bf4 Nf8 13. Qd2 Be6 14. c4 Qd7 15. b3 Rad8 16. Rad1 Bc7 17. Rfe1 a5 18. Bxc7 Qxc7 19. Qf4 Qxf4 20. Nxf4 g6 21. d5 cxd5 22. cxd5 Bd7 23. d6 Rxe1+ 24. Rxe1 Bc6 25. Re7 Rxd6 26. Bc4 Rd1+ 27. Kh2 Rd7 28. Bxf7+ Kg7 29. Rxd7 Bxd7 30. Bd5 g5 31. Nd3 b6 32. Nb2 b5 33. Nd3 Be6 34. Bc6 Bd7 35. Bd5 Ne6 36. Bxe6 Bxe6 37. Nc5 Bd5 38. f3 Kf7 39. Kg1 Ke7 40. Kf2 Kd6 41. Nd3 a4 42. bxa4 bxa4 43. a3 Bc4 44. Nb2 Bb5 45. Nd1 Kc5 46. Ke3 Kc4 47. Ke4 Bd7 48. Ne3+ Kb3 49. Kd4 Kxa3 50. Kc3 Ka2 51. Nd5 a3 52. Nb4+ Kb1 53. Kb3 a2 54. Nxa2 Be6+ 55. Kb4 Bxa2 56. Kc5 Kc2 57. Kd6 Kd3 58. Ke7 Ke3 59. Kxf6 Kf4 60. Kg6 Bc4 61. Kh5 Bf1 0-1


[Site "https://www.chess.com"]

[Event "Titled Tuesday Blitz December 14 2021"]
[White "Alikhanov, Felix"]
[Black "Vidit, Santosh Gujrathi"]
[WhiteFideId "4157427"]
[BlackFideId "5029465"]
[WhiteElo "2425"]
[BlackElo "2628"]
[Result "0-1"]
[Round "02"]
[TimeControl "180+1"]
[Date "2021.12.14"]
[WhiteClock "0:00:14"]
[BlackClock "0:00:13"]

1. e4 c5 2. Nf3 d6 3. d4 cxd4 4. Nxd4 Nf6 5. Nc3 a6 6. Be2 e5 7. Nb3 Be7 8. O-O O-O 9. f4 Nbd7 10. a4 b6 11. Kh1 Bb7 12. Bf3 Rc8 13. Qe2 Re8 14. f5 Bf8 15. Be3 Qc7 16. Rfd1 h6 17. Rd2 Qc4 18. Qd3 Qb4 19. Rad1 Rc4 20. Nc1 Rxc3 21. bxc3 Qxa4 22. c4 Rc8 23. Nb3 Qxc4 24. Qxc4 Rxc4 25. Be2 Rc8 26. c4 Nxe4 27. Rc2 Nef6 28. Bf3 Bxf3 29. gxf3 d5 30. Rdc1 d4 31. Bf2 a5 32. Nd2 Bb4 33. Kg2 Nc5 34. Nb1 Nd3 35. Rd1 Nf4+ 36. Kf1 b5 37. Bxd4 exd4 38. Rxd4 N6h5 39. Nd2 Bxd2 40. Rcxd2 bxc4 41. Rd8+ Rxd8 42. Rxd8+ Kh7 43. Rc8 Nd3 44. Rxc4 Ne5 45. Rc5 Nxf3 46. Rxa5 Nxh2+ 47. Kg2 Ng4 48. Kf3 Nhf6 49. Ra7 h5 50. Rxf7 Ne5+ 51. Kf4 Nxf7 52. Ke3 Kh6 53. Kf3 Kg5 54. Kg2 Kxf5 55. Kf2 g5 56. Kg2 g4 0-1


[Site "https://www.chess.com"]

[Event "Titled Tuesday Blitz December 14 2021"]
[White "Artemenko, Oleg"]
[Black "Andreikin, Dmitry"]
[WhiteFideId "14201798"]
[BlackFideId "4158814"]
[WhiteElo "2287"]
[BlackElo "2736"]
[Result "1-0"]
[Round "02"]
[TimeControl "180+1"]
[Date "2021.12.14"]
[WhiteClock "0:00:23"]
[BlackClock "0:00:01"]

1. d4 Nf6 2. Nc3 e6 3. Bf4 Bb4 4. e3 O-O 5. a3 Bxc3+ 6. bxc3 Nd5 7. Ne2 Nxf4 8. Nxf4 d6 9. Bd3 Nd7 10. Qh5 Nf6 11. Qh4 h6 12. Rd1 b6 13. g4 Bb7 14. Rg1 Ne4 15. Qxd8 Rfxd8 16. Bxe4 Bxe4 17. Nd3 c5 18. Rc1 Rac8 19. Kd2 Rc7 20. Rg3 Rdc8 21. Nb2 cxd4 22. exd4 e5 23. dxe5 dxe5 24. Re1 Rd7+ 25. Kc1 Bg6 26. Rxe5 Rcd8 27. Ree3 Rd5 28. f4 f6 29. c4 Rd2 30. f5 Bf7 31. Rd3 R8xd3 32. Rxd3 Rxh2 33. Rd8+ Kh7 34. Rd7 h5 35. Rxf7 hxg4 36. Nd3 g3 37. Nf4 g2 38. Nxg2 Rxg2 39. Rxa7 Rg5 40. Rb7 Rxf5 41. Rxb6 g5 42. Rb5 Rf4 43. c5 g4 44. c6 g3 45. Rb3 Rg4 46. c7 g2 47. c8=Q g1=Q+ 48. Kb2 Qd4+ 49. Ka2 Rh4 50. Rb7+ Kg6 51. Qg8+ Kf5 52. Rb5+ Ke4 53. Rb4 Ke3 54. Rxd4 Rxd4 55. Kb3 f5 56. Qe6+ Kf4 57. a4 Re4 58. Qh6+ Kg3 59. a5 f4 60. a6 f3 61. a7 Rh4 62. Qd6+ Kg2 63. a8=Q Rh3 64. Qf4 Kg1 65. Qaxf3 Rg3 66. Q4xg3# 1-0


[Site "https://www.chess.com"]

[Event "Titled Tuesday Blitz December 14 2021"]
[White "Artemiev, Vladislav"]
[Black "Kalashian, David"]
[WhiteFideId "24101605"]
[BlackFideId "13302418"]
[WhiteElo "2830"]
[BlackElo "2490"]
[Result "1-0"]
[Round "02"]
[TimeControl "180+1"]
[Date "2021.12.14"]
[WhiteClock "0:00:20"]
[BlackClock "0:00:09"]

1. d4 Nf6 2. Nf3 e6 3. Bg5 h6 4. Bh4 g5 5. Bg3 Ne4 6. Nbd2 Nxg3 7. hxg3 Bg7 8. c3 d6 9. e4 Nc6 10. Nc4 Qe7 11. Ne3 Bd7 12. Qc2 O-O-O 13. O-O-O Rde8 14. g4 Rhf8 15. Bd3 Qd8 16. Kb1 Ne7 17. Rhe1 Kb8 18. Qb3 Qc8 19. Bb5 f5 20. gxf5 exf5 21. Bxd7 Qxd7 22. e5 d5 23. Nc2 Qe6 24. Nb4 Ka8 25. Nd3 b6 26. g3 f4 27. gxf4 g4 28. Nh4 h5 29. f5 Nxf5 30. Nf4 Qc6 31. Nhg6 Rg8 32. Qxd5 Qxd5 33. Nxd5 Kb7 34. Rh1 Re6 35. Ndf4 Rc6 36. Rxh5 1-0


[Site "https://www.chess.com"]

[Event "Titled Tuesday Blitz December 14 2021"]
[White "Atabayev, Saparmyrat"]
[Black "Najdin, Danil"]
[WhiteFideId "14000571"]
[BlackFideId "4172426"]
[WhiteElo "2483"]
[BlackElo "2240"]
[Result "1/2-1/2"]
[Round "02"]
[TimeControl "180+1"]
[Date "2021.12.15"]
[WhiteClock "0:00:34"]
[BlackClock "0:00:17"]

1. e4 e5 2. Nf3 Nc6 3. Bb5 a6 4. Bxc6 dxc6 5. Nc3 f6 6. d4 exd4 7. Nxd4 c5 8. Nde2 Qxd1+ 9. Nxd1 f5 10. Ndc3 fxe4 11. Nxe4 Bf5 12. N2g3 Bg6 13. Bd2 O-O-O 14. O-O-O Nf6 15. Nxf6 gxf6 16. Bc3 Bh6+ 17. Kb1 Rxd1+ 18. Rxd1 b6 19. h4 Re8 20. h5 Be4 21. Re1 Bc6 22. Rxe8+ Bxe8 23. Bxf6 Bf4 24. Ne2 Bd2 25. g4 Bc6 26. g5 Be8 27. Ng3 Bf4 28. Ne2 Bd2 29. h6 Kd7 30. f4 Bg6 31. Be5 c6 32. Ng3 Ke6 33. b3 Be1 34. Nf1 b5 35. Kc1 Bh5 36. Ne3 Bf2 37. Kd2 Bxe3+ 38. Kxe3 Bg6 39. Kd2 Kd5 40. Bc7 Ke4 41. Bd6 Bf5 42. Kc3 Bg6 43. Kb2 Kd5 44. Bb8 Ke4 45. c3 Kd5 46. Bc7 Ke4 47. Bd6 Kd5 48. Bb8 Ke4 49. Ka3 Kd5 50. Bc7 Ke4 51. Bd6 Kd5 52. Bf8 Ke4 53. Bxc5 Kxf4 54. Kb4 Kf5 55. Be7 Ke6 56. Bf6 Kd5 57. Ka5 Bb1 58. Kxa6 Ke6 59. a4 Bc2 60. axb5 cxb5 61. Kxb5 Bxb3 62. c4 Bc2 63. Kb6 Kd7 64. Kc5 Kc8 65. Kd5 Bg6 66. c5 Bf5 67. Be5 Bg6 68. Kd6 Bf5 69. Ke7 Bg6 70. Kf6 Be4 71. Bd6 Bg6 72. Ke5 Bb1 73. Be7 Bg6 74. Bf6 Bb1 75. Kd4 Bg6 76. Kc3 Bf5 77. Kd2 Bg6 78. Be5 Bf5 79. c6 Bg6 80. Ke3 Bf5 81. Kd4 Bg6 82. Kc5 Bf5 83. Bd6 Bg6 84. Kd5 Bf5 85. Ke5 Bg6 86. Kf6 Bc2 87. Be7 Bd3 88. Bd6 Bc2 89. Be5 Bd3 90. Bf4 Bc2 91. g6 Bxg6 92. Kg7 Bf5 93. Kf6 Bg6 94. Ke5 Bd3 95. Kd4 Bg6 96. c7 Bf5 97. Ke5 Bg6 98. Kf6 Be4 99. Ke5 Bg6 100. Kd4 Bf5 101. Bg3 Bg6 102. Ke5 Bd3 103. Kf4 Bg6 104. Ke3 Bf5 105. Bf4 Bg6 106. Kd4 1/2-1/2


[Site "https://www.chess.com"]

[Event "Titled Tuesday Blitz December 14 2021"]
[White "Babazada, Khazar"]
[Black "Baskin, Robert"]
[WhiteFideId "13413554"]
[BlackFideId "24662402"]
[WhiteElo "2302"]
[BlackElo "2488"]
[Result "1-0"]
[Round "02"]
[TimeControl "180+1"]
[Date "2021.12.14"]
[WhiteClock "0:00:43"]
[BlackClock "0:00:23"]

1. Nf3 Nf6 2. g3 c5 3. Bg2 b6 4. O-O Bb7 5. b3 g6 6. Bb2 Bg7 7. c4 O-O 8. d4 cxd4 9. Qxd4 d6 10. Qd2 Nbd7 11. Nc3 Rc8 12. Rfd1 Rc5 13. Rac1 Qa8 14. Ne1 Bxg2 15. Nxg2 a6 16. Nf4 b5 17. Ncd5 Re8 18. cxb5 Ne4 19. Qe3 Bxb2 20. Rxc5 Nexc5 21. Nc7 Qc8 22. Nxe8 Qxe8 23. Nd5 axb5 24. Qxe7 Qxe7 25. Nxe7+ Kf8 26. Nc8 b4 27. f3 Ne6 28. Nxd6 Ndc5 29. Kf2 Bd4+ 30. e3 Bc3 31. Nc4 Ke7 32. h4 h5 33. Nb6 Nc7 34. Ke2 f5 35. Nd5+ Nxd5 36. Rxd5 Ne6 37. Ra5 Be5 38. Rxe5 1-0


[Site "https://www.chess.com"]

[Event "Titled Tuesday Blitz December 14 2021"]
[White "Bagheri, Maziar"]
[Black "Grunberg, Mihai-Lucian"]
[WhiteFideId "12530913"]
[BlackFideId "1204149"]
[WhiteElo "2034"]
[BlackElo "2364"]
[Result "1-0"]
[Round "02"]
[TimeControl "180+1"]
[Date "2021.12.15"]
[WhiteClock "0:00:05"]
[BlackClock "0:00:17"]

1. Nf3 d5 2. d4 c6 3. c4 Nf6 4. Nc3 g6 5. Bf4 Bg7 6. e3 O-O 7. Rc1 Bg4 8. h3 Bxf3 9. Qxf3 e6 10. Bd3 Nbd7 11. O-O Qb6 12. Qe2 Rfc8 13. c5 Qd8 14. b4 Qe8 15. a4 e5 16. Bh2 e4 17. Bb1 Nh5 18. b5 f5 19. a5 a6 20. bxa6 Rxa6 21. Na4 Rxa5 22. Bc2 f4 23. Rb1 Ra7 24. Rb4 Qf7 25. Qg4 Rf8 26. exf4 Bxd4 27. Rxd4 Ra5 28. Rb4 Nxc5 29. Nxc5 Rxc5 30. Bb3 Qf5 31. Rxb7 Qxg4 32. hxg4 Nxf4 33. Bxf4 Rxf4 34. f3 e3 35. Re7 Rc3 36. Ba2 Rf7 37. Re8+ Kg7 38. Re1 Ra7 39. Bb1 d4 40. Rd8 c5 41. Be4 Kf6 42. f4 Re7 43. g5+ Ke6 44. Bf3 Ra7 45. Bg4+ Ke7 46. Rd5 Rc2 47. Rb1 Rc7 48. Re5+ Kf7 49. Bd1 Rc3 50. Bf3 c4 51. Bd5+ Kg7 52. Rb8 Rf7 53. Bxf7 Kxf7 54. Rd8 Rd3 55. Re4 Rd1+ 56. Kh2 d3 57. Rd7+ Kf8 58. Rd8+ Kf7 59. Rd7+ Kf8 60. Rxe3 d2 61. Ree7 c3 62. Rf7+ Ke8 63. Rg7 Re1 64. Ra7 Kf8 65. Rxh7 Kg8 66. Rhd7 Re8 67. Rac7 Re7 68. Rd8+ Kf7 69. Rxc3 Re2 70. Rcd3 Rf2 71. Rxd2 Rxf4 72. R2d7+ Ke6 73. Rd6+ Kf5 74. Rf6+ 1-0


[Site "https://www.chess.com"]

[Event "Titled Tuesday Blitz December 14 2021"]
[White "Budrewicz, Krzysztof"]
[Black "Horvath, Dominik"]
[WhiteFideId "1127950"]
[BlackFideId "1642561"]
[WhiteElo "2242"]
[BlackElo "2336"]
[Result "0-1"]
[Round "02"]
[TimeControl "180+1"]
[Date "2021.12.15"]
[WhiteClock "0:00:04"]
[BlackClock "0:00:14"]

1. d4 d5 2. c4 e6 3. Nf3 Nf6 4. Nc3 Bb4 5. Bg5 dxc4 6. e4 h6 7. Bxf6 Qxf6 8. Bxc4 c5 9. O-O O-O 10. e5 Qd8 11. d5 Bxc3 12. bxc3 exd5 13. Bxd5 Nc6 14. Bxc6 bxc6 15. h3 Be6 16. Qxd8 Rfxd8 17. Rfc1 Rab8 18. Rc2 Bf5 19. Re2 Rd3 20. Rc1 Be6 21. Kf1 Bc4 22. Ke1 Rxf3 23. gxf3 Bxe2 24. Kxe2 Rb2+ 25. Ke3 Rxa2 26. f4 a5 27. Rb1 Rc2 28. Rb3 c4 29. Ra3 g6 30. f5 gxf5 31. f4 c5 32. h4 Kg7 33. h5 a4 34. Kf3 Rd2 35. Rxa4 Rd3+ 36. Kg2 Rxc3 37. Ra7 Re3 38. Rc7 c3 39. Rxc5 Kf8 40. Kf2 Rh3 41. Kg2 Rd3 42. Rc6 Ke7 43. Kf2 Kd7 44. Rc4 Ke6 45. Ke2 Rh3 46. Rc5 Rh2+ 47. Kd3 Rxh5 48. Kxc3 Rh4 49. Rc4 Kd5 50. Rd4+ Kc5 51. Ra4 Rh3+ 52. Kd2 h5 53. Ke2 h4 54. Kf2 Kd5 55. Rb4 Rg3 56. Ra4 Rg7 57. Ra6 Rh7 58. Kf3 h3 59. Rd6+ Kc5 60. Rd1 h2 61. Rh1 Kd4 62. Rd1+ Kc3 63. Rh1 Kc2 64. Kg3 Kd3 65. Kf3 Rh4 66. Kg3 Rh8 67. Kf3 Kd2 68. Kf2 Rh3 69. Kg2 Rh4 70. Kg3 Rh6 71. Kf2 Rh7 72. Kf3 Rh4 73. Kg3 Rg4+ 74. Kf2 Rxf4+ 75. Kg3 Rg4+ 76. Kf3 Rh4 77. Kg3 Rh7 78. Kf2 Kd3 79. Kf3 Rh4 80. Kg3 Rg4+ 81. Kf3 Rh4 82. Kg3 Rh5 83. Kf3 Kd4 84. Kf4 Kd5 85. Rd1+ Ke6 86. Rh1 f6 87. exf6 Kxf6 88. Kg3 Kg5 89. Kf3 f4 90. Kg2 Kg4 91. Kf2 f3 92. Kf1 Kg3 93. Ke1 Kg2 0-1


[Site "https://www.chess.com"]

[Event "Titled Tuesday Blitz December 14 2021"]
[White "Coto Mederos, Michel"]
[Black "Samadov, Read"]
[WhiteFideId "3508528"]
[BlackFideId "13417444"]
[WhiteElo "2427"]
[BlackElo "2084"]
[Result "0-1"]
[Round "02"]
[TimeControl "180+1"]
[Date "2021.12.15"]
[WhiteClock "0:00:05"]
[BlackClock "0:00:19"]

1. c4 e5 2. Nc3 Nf6 3. Nf3 Nc6 4. e4 Bb4 5. d3 d6 6. a3 Bc5 7. b4 Bb6 8. Na4 Bd4 9. Nxd4 Nxd4 10. Be2 O-O 11. O-O c6 12. Nc3 a5 13. Bb2 Be6 14. b5 a4 15. f4 cxb5 16. cxb5 Qb6 17. Kh1 Nxb5 18. Nxb5 Qxb5 19. Qd2 Rac8 20. Bc3 Nd7 21. Bb4 Qb6 22. fxe5 Nxe5 23. d4 Nc4 24. Qd3 Rfe8 25. Rac1 d5 26. Bf3 Qb5 27. exd5 Bxd5 28. Qf5 Ne3 29. Qxc8 Qxf1+ 30. Rxf1 Rxc8 31. Re1 Bxf3 32. gxf3 Nd5 33. Bc5 b6 34. Bd6 f6 35. Rd1 Kf7 36. Rb1 Ke6 37. Bg3 Rc4 38. Kg2 Rxd4 39. Re1+ Kf7 40. Rb1 Rd2+ 41. Kh3 g5 42. Rb5 Kg6 43. f4 gxf4 44. Bh4 f3 45. Bg3 f2 46. Kg2 Ne3+ 47. Kf3 f1=Q+ 48. Ke4 0-1


[Site "https://www.chess.com"]

[Event "Titled Tuesday Blitz December 14 2021"]
[White "Devaev, Alexander"]
[Black "Zherebtsova, Alexandra"]
[WhiteFideId "4169395"]
[BlackFideId "24129518"]
[WhiteElo "2185"]
[BlackElo "2025"]
[Result "1/2-1/2"]
[Round "02"]
[TimeControl "180+1"]
[Date "2021.12.15"]
[WhiteClock "0:00:25"]
[BlackClock "0:00:11"]

1. d4 d5 2. c4 e6 3. cxd5 exd5 4. Nc3 Nf6 5. Bg5 c6 6. e3 Be7 7. Bxf6 Bxf6 8. Bd3 O-O 9. Qc2 h6 10. Nf3 Re8 11. h3 Nd7 12. O-O Nf8 13. b4 a6 14. a4 Ne6 15. Rfd1 Bd7 16. b5 axb5 17. axb5 Rxa1 18. Rxa1 Qb8 19. bxc6 bxc6 20. Bf5 Qc8 21. Rc1 g6 22. Bd3 Bg7 23. Na4 Qb7 24. Rb1 Qa7 25. Nb6 Rb8 26. Nxd7 Rxb1+ 27. Qxb1 Qxd7 28. Qb8+ Kh7 29. h4 c5 30. dxc5 Nxc5 31. Qb1 Qe6 32. h5 Nxd3 33. Qxd3 Qe4 34. hxg6+ fxg6 35. Qd1 g5 36. Qc1 d4 37. exd4 Bxd4 38. Qc7+ Bg7 39. Qc1 Qd3 40. Nh2 Qe4 41. Nf1 Bd4 42. Qd2 Bg7 43. Ng3 Qb1+ 44. Nf1 Qe4 45. Qa2 Qe1 46. Qf7 Qd1 47. Qf5+ Kh8 48. Qc8+ Kh7 49. Qf5+ Kh8 50. Qb5 Qe1 51. Qd3 Qc1 52. g3 Qe1 53. Kg2 Qe5 54. Qd8+ Kh7 55. Qd3+ Kh8 56. Ne3 Kg8 57. Nf5 Qf6 58. g4 Qe5 59. Qc4+ Kh7 60. Qd3 Kg8 61. Qc2 Kh8 62. Ng3 Qd5+ 63. Kh3 Qe5 64. Qc8+ Kh7 65. Qc2+ Kh8 66. Qd3 Qf4 67. Qe2 Qd4 68. Qc2 Qf4 69. Nf5 Qf3+ 70. Ng3 Kg8 71. Qc8+ Kh7 72. Qc4 Kh8 73. Kh2 Qxf2+ 74. Kh3 Qf3 75. Qc8+ Kh7 76. Qc2+ Kh8 77. Qa2 Qe3 78. Qa8+ Kh7 79. Qe4+ Qxe4 80. Nxe4 Be5 81. Nc5 Kg6 82. Nd7 Bd4 83. Nb8 h5 84. Nc6 hxg4+ 85. Kxg4 Bf6 86. Nb4 Kf7 87. Nd5 Kg6 88. Ne3 Kf7 89. Nf5 Kg6 90. Nd6 Kg7 91. Ne8+ Kf7 92. Nc7 Kg6 93. Nd5 Kf7 94. Ne3 Kg6 95. Ng2 Kf7 96. Kf3 Kg6 97. Kg4 Kf7 98. Ne3 Kg6 99. Nd5 Kf7 100. Kf5 Bd8 101. Ne3 g4 102. Nxg4 1/2-1/2


[Site "https://www.chess.com"]